Map: Abyssal Reef LE

Players

wootwoot - Winner!

  • Race: Terran Terran
  • Spawn Location: 5:00

CUDDLES

  • Race: Zerg Zerg
  • Spawn Location: 11:00

VOD

Have the link to the VOD?

Description

Time

  • Played on: April 21, 2025, 8:46 a.m.
  • Length: 3:08
Show
View Real Time Build Order
Export as new Build Order

wootwoot Terran - Winner!

Build Orders:  

Get SALT Encoding   

  12  0:00  SCV  
  13  0:12  SCV  
  14  0:22  Supply Depot  
  14  0:24  SCV  
  15  0:44  SCV, Barracks  
  16  0:55  Barracks  
  16  1:08  Barracks  
  16  1:12  SCV  
  17  1:30  Marine  
  18  1:32  Barracks  
  18  1:42  Marine  
  18  1:44  Supply Depot  
  19  1:48  Marine  
  20  1:54  Marine  
  20  2:00  Marine  
  22  2:06  Marine  
  23  2:12  Marine  
  24  2:18  Marine  
  24  2:20  Supply Depot, Marine  
  26  2:30  Marine  
  26  2:33  Orbital Command  
  26  2:35  Marine  
  28  2:41  Marine  
  29  2:45  Marine  
  29  2:48  Marine  
Show
View Real Time Build Order
Export as new Build Order

CUDDLES Zerg 

Build Orders: Pool First 

Get SALT Encoding   

  12  0:01  Drone  
  13  0:12  Overlord  
  13  0:17  Drone  
  14  0:31  Drone x2  
  16  0:36  Drone  
  17  0:48  Spawning Pool  
  16  0:51  Drone  
  17  1:00  Drone, Extractor  
  17  1:12  Drone  
  17  1:18  Drone  
  19  1:30  Overlord  
  19  1:39  Zergling x2  
  20  1:41  Queen  
  22  1:53  Zergling x2  
  23  2:01  Zergling x2  
  23  2:12  Zergling x2  
  23  2:14  Hatchery  
  23  2:22  Zergling x2  
  23  2:42  Zergling x2  
Tags
 
Matchup
TvZ
Opening
Pool First
Replay Pack
#1B2M-Replays
Spawn Locations
Cross Positions
Add a new tag
Caveats
  • Supply blocks, unpowered buildings, or Contaminate may cause inaccurate times.
  • Supply counts are checked every 10 seconds.